AoeStats
← jphilkill

Pilgrims

510042600Analyzed
4v4 RM · 2d ago on Sep 29, 2026· 41m 42s· 8 players
Game mode
Random Map
Map size
Large (8 player)
Population
200
Speed
Normal
Resources
Standard
Victory
Conquest
Starting age
Dark Age
Ending age
Imperial Age
RankedLock teamsTeams togetherTeam positionsShared explorationLock speedFull tech treeHidden civsTurbo modeCheats
Victory
Defeat
🇩🇪 Huns · Germany
962
+13
🇪🇸 Vikings · Spain
885
+16
🇲🇽 Teutons · Mexico
884
+16
🇺🇸 Japanese · United States
847
+18
🇨🇳 Mongols · China
919
-17
🇹🇼 Koreans · Taiwan
894
-16
🇨🇳 Khmer · China
873
-15
🇦🇷 Huns · Argentina
864
-15
@_@
7:25 Loom
13:55 Feudal Age
14:59 Double-Bit Axe
18:54 Wheelbarrow
25:07 Castle Age
23:02 Gold Mining
23:03 Stone Mining
crazy hippo
8:20 Feudal Age
19:46 Bloodlines
20:21 Forging
20:17 Scale Barding Armor
27:15 Castle Age
26:25 Fletching
26:37 Padded Archer Armor
26:30 Gold Mining
26:28 Double-Bit Axe
26:28 Horse Collar
30:03 Thumb Ring
30:02 Stone Mining
30:53 Gold Shaft Mining
31:21 Bow Saw
31:14 Heavy Plow
Reck1ess
5:05 Loom
11:10 Feudal Age
14:08 Forging
19:06 Fletching
TiGeR
8:00 Loom
18:19 Feudal Age
20:13 Wheelbarrow
21:14 Forging
21:10 Scale Barding Armor
23:41 Castle Age
25:16 Horse Collar
27:44 Marauders
28:12 Husbandry
29:56 Heavy Plow
34:26 Bloodlines
35:20 Double-Bit Axe
CulturalApe943
13:28 Feudal Age
26:53 Castle Age
27:04 Scale Mail Armor
27:15 Forging
27:45 Thumb Ring
27:00 Crossbowman
29:43 Fishing Lines
33:19 Double-Bit Axe
37:00 Imperial Age
35:35 Gambesons
35:51 Squires
35:11 Pikeman
36:37 Iron Casting
36:09 Gillnets
42:29 Chain Mail Armor
Lair
10:47 Feudal Age
13:39 Double-Bit Axe
16:02 Castle Age
14:56 Stone Mining
15:09 Fishing Lines
15:33 Loom
21:49 Town Watch
27:26 Town Patrol
27:11 Horse Collar
27:55 Gold Mining
32:35 Imperial Age
31:04 Scale Mail Armor
31:15 Forging
31:38 Bow Saw
32:05 Gold Shaft Mining
31:35 Heavy Plow
33:11 Chain Mail Armor
33:32 Iron Casting
35:20 Murder Holes
35:46 Ballistics
36:27 Chemistry
39:27 Elite Berserk
jphilkill
5:23 Loom
11:59 Feudal Age
17:42 Castle Age
18:35 Medium Warships
19:43 Forging
19:15 Horse Collar
19:34 Double-Bit Axe
21:52 Wheelbarrow
21:09 Gold Mining
21:09 Stone Mining
21:29 Scale Barding Armor
24:37 Gold Shaft Mining
25:36 Pikeman
28:11 Hand Cart
30:48 Fishing Lines
33:18 Heavy Plow
35:16 Gillnets
36:58 Iron Casting
36:24 Scale Mail Armor
41:06 Imperial Age
39:28 Bloodlines
39:51 Squires
42:16 Conscription
richardcastores
4:38 Loom
13:41 Feudal Age
14:09 Town Watch
15:00 Wheelbarrow
17:43 Gold Mining
17:43 Stone Mining
17:41 Double-Bit Axe
30:10 Castle Age
28:48 Fletching
28:59 Scale Mail Armor
29:10 Forging
29:06 Scale Barding Armor
30:54 Pikeman
31:20 Gambesons
31:35 Squires
31:23 Arson
32:06 Chain Barding Armor
32:22 Iron Casting
31:31 Horse Collar
32:04 Bow Saw
32:12 Hand Cart
32:32 Bloodlines
37:04 Imperial Age
38:23 Cavalier
39:50 Capped Ram
Connection lost

Rejoining the realm…

Still unreachable

The connection could not be restored.

Session expired

The server has moved on; the page needs a fresh start.